 Dungeon Crawl Stone Soup version 0.20.1-1-g8b1a95d (webtiles) character file.

1430 Jerry the Basher (level 8, -1/52 HPs)
             Began as a Gargoyle Chaos Knight on Oct 19, 2017.
             Slain by an ogre
             ... wielding a +0 giant club
              (6 damage)
             ... on level 5 of the Dungeon.
             The game lasted 00:16:01 (3962 turns).

Jerry the Basher (Gargoyle Chaos Knight)            Turns: 3962, Time: 00:16:01

Health: -1/52      AC: 14    Str: 19    XL:     8   Next: 73%
Magic:  8/8        EV: 11    Int: 17    God:    Xom [......]
Gold:   250        SH:  0    Dex:  9    Spells: 5/7 levels left

rFire    . . .     SeeInvis .   a - +1 mace (chaos)
rCold    . . .     Gourm    .   (no shield)
rNeg     + . .     Faith    .   b - +2 leather armour
rPois    ∞         Spirit   .   f - +1 helmet
rElec    +         Reflect  .   (no cloak)
rCorr    .         Harm     .   d - +0 pair of gloves
MR       +....                  (no boots)
Stlth    +.........             (no amulet)
Regen    0.2/turn               h - +3 ring of intelligence
MPRegen  0.2/turn               (no ring)

@: about to teleport
A: hooves 1, clever 1, high mp 1, magic resistance 1, negative energy resistance
1, electricity resistance, unbreathing, petrification resistance, rot immunity,
AC +5
a: Renounce Religion


You were on level 5 of the Dungeon.
You worshipped Xom.
You were a very special plaything of Xom.
You were very hungry.

You visited 1 branch of the dungeon, and saw 5 of its levels.

You collected 250 gold pieces.

Inventory:

Hand Weapons
 a - a +1 mace of chaos (weapon)
Armour
 b - a +2 leather armour (worn)
 d - a +0 pair of gloves (worn)
 f - a +1 helmet (worn)
Jewellery
 h - a +3 ring of intelligence (left hand)
Wands
 t - a wand of digging (21/24)
Scrolls
 g - 3 scrolls of recharging
 i - a scroll of identify
 k - 2 scrolls of teleportation
 l - 2 scrolls of fog
 o - 2 scrolls of enchant armour
 x - a scroll of immolation
Potions
 e - 3 potions of curing
 j - 3 potions of lignification {unknown}
 m - 3 potions of resistance {unknown}
 n - 3 potions of degeneration {unknown}
 s - a potion of agility {unknown}
 w - a potion of cancellation {unknown}
 z - a potion of berserk rage {unknown}
Books
 p - a book of Changes

   Spells                             Type                      Level
   a - Beastly Appendage              Transmutation                1
   b - Sticks to Snakes               Transmutation                2
   c - Spider Form                    Transmutation/Poison         3
   d - Ice Form                       Ice/Transmutation            4
   e - Blade Hands                    Transmutation                5
 B - a book of Cantrips

   Spells                             Type                      Level
   a - Confusing Touch                Hexes                        1
   b - Animate Skeleton               Necromancy                   1
   c - Summon Small Mammal            Summoning                    1
   d - Apportation                    Translocation                1
Comestibles
 c - 3 bread rations
 u - 3 meat rations


   Skills:
 + Level 6.5 Fighting
 * Level 8.1 Maces & Flails
 + Level 5.9 Armour
 - Level 0.7 Dodging


You had 5 spell levels left.
You knew the following spells:

 Your Spells              Type           Power        Failure   Level  Hunger
a - Animate Skeleton      Necr           N/A          26%         1    ##.....
b - Apportation           Tloc           #.....       26%         1    ##.....


Dungeon Overview and Level Annotations

Branches:
Dungeon (5/15)
 Temple: D:4-7

Altars:
Hepliaklqana
Xom


Innate Abilities, Weirdness & Mutations

You are resistant to torment.
Your stone body is resilient. (AC +5)
You are immune to poison.
You resist negative energy. (rN+)
You are resistant to electric shocks. (rElec)
You can survive without breathing.
You are immune to petrification.
You are immune to rotting.
You have large cloven feet.
Your mind is acute. (Int +2)
You have an increased reservoir of magic. (+10% MP)
You are resistant to hostile enchantments. (MR+)


Message History

You are caught in a strong localised spatial distortion.
The ball python zombie bites you but does no damage.
The ball python zombie barely misses you.
A gnoll comes into view. It is wielding a flail.
The gnoll shouts!
You hit the ball python zombie. You burn the ball python zombie.
You destroy the ball python zombie! "Just a minor improvement..."
You thump the orc!
You kill the orc!
You barely miss the ogre. Your kick misses the ogre.
The ogre hits you with a giant club!!
* * * LOW HITPOINT WARNING * * *
A worm comes into view.
Okay, then.
Okay, then.
As you read the scroll of teleportation, it crumbles to dust.
You feel strangely unstable. The ogre hits you with a giant club.
You die...
Xom chortles!

########### #. .._._..@Oo#
.. .# #>##########h## #. .#
## #.# ##...## #. .###..
#.# ##....g## #. .....# #.#
##.......###.%§....Z #.#
#........h##.#..Z...
#>######.........w[..o.....
#......#)........##..{.....
#.####.##.......###†.######


You could see an ogre, a worm, 2 hounds, a gnoll and an orc.

Vanquished Creatures
  A two-headed ogre (D:4)
  Sigmund (D:4)
  The ghost of veneficus the Vexing, an amateur SpEn (D:4)
  A sky beast (D:5)
  2 phantoms (D:4)
  A scorpion (D:5)
  A howler monkey (D:5)
  A bullfrog zombie (D:5)
  2 orc priests (D:4)
  Jessica (D:3)
  3 worker ants
  An orc wizard (D:3)
  A hound skeleton (D:4)
  Robin (D:2)
  11 adders
  8 gnolls
  2 oozes (D:5)
  An adder skeleton (D:5)
  4 worms
  5 dart slugs
  5 leopard geckos
  19 orcs
  4 giant cockroaches
  12 goblins
  13 hobgoblins
  4 jackals (D:3)
  9 kobolds
  A quokka (D:3)
  A ball python (D:1)
  A ball python zombie (D:5)
  7 bats
  4 frilled lizards
  9 rats
138 creatures vanquished.

Vanquished Creatures (collateral kills)
  An ooze (D:1)
1 creature vanquished.

Grand Total: 139 creatures vanquished

Notes
Turn   | Place    | Note
-------+----------+-------------------------------------------
     0 | D:1      | Jerry the Gargoyle Chaos Knight began the quest for the Orb.
     0 | D:1      | Reached XP level 1. HP: 14/14 MP: 1/1
   103 | D:1      | Reached XP level 2. HP: 16/19 MP: 2/2
   162 | D:1      | XOM: divination: detect items
   192 | D:1      | Reached XP level 3. HP: 20/24 MP: 3/3
   211 | D:1      | XOM: confuse monster(s)
   258 | D:1      | XOM: give mutations
   258 | D:1      | Gained mutation: You have large cloven feet. [Xom's grace]
   258 | D:1      | Gained mutation: You are resistant to hostile enchantments. (MR+) [Xom's grace]
   258 | D:1      | Gained mutation: You have an increased reservoir of magic. (+10% MP) [Xom's grace]
   258 | D:1      | Gained mutation: Your mind is acute. (Int +2) [Xom's grace]
   671 | D:2      | Found a hazy altar of Hepliaklqana.
   713 | D:2      | XOM: god gift: book of the Dragon
   836 | D:2      | Noticed Robin
   836 | D:2      | Reached skill level 4 in Maces & Flails
   842 | D:2      | Reached XP level 4. HP: 25/29 MP: 4/4
   857 | D:2      | Killed Robin
  1615 | D:2      | XOM: divination: magic mapping
  1816 | D:3      | Reached XP level 5. HP: 33/33 MP: 5/5
  1929 | D:3      | XOM: scenery: 1 doors close
  1974 | D:3      | Noticed Jessica
  1981 | D:3      | XOM: scenery: create altars
  1994 | D:3      | Killed Jessica
  2018 | D:3      | XOM: confuse monster(s)
  2027 | D:3      | Reached skill level 5 in Maces & Flails
  2074 | D:3      | Reached XP level 6. HP: 30/39 MP: 6/6
  2215 | D:3      | XOM: scenery: create altars
  2707 | D:3      | Learned a level 1 spell: Animate Skeleton
  2709 | D:3      | Learned a level 1 spell: Apportation
  2882 | D:4      | Noticed veneficus's ghost (amateur SpEn)
  2884 | D:4      | XOM: scenery: create altars
  2902 | D:4      | Killed veneficus's ghost
  2902 | D:4      | Reached skill level 5 in Fighting
  2902 | D:4      | Reached XP level 7. HP: 43/44 MP: 7/7
  2958 | D:4      | Reached skill level 6 in Maces & Flails
  3052 | D:4      | XOM: god gift: 9 gold pieces
  3311 | D:4      | Noticed a two-headed ogre
  3342 | D:4      | XOM: divine lightning
  3380 | D:4      | XOM: summons friendly crimson imp
  3383 | D:4      | Killed a two-headed ogre
  3383 | D:4      | Reached skill level 7 in Maces & Flails
  3383 | D:4      | Reached skill level 5 in Armour
  3383 | D:4      | Reached XP level 8. HP: 49/51 MP: 8/8
  3440 | D:4      | Noticed Sigmund
  3442 | D:4      | XOM: confuse monster(s)
  3547 | D:4      | XOM: harmless Fire miscast
  3628 | D:4      | Killed Sigmund
  3752 | D:4      | XOM: god gift: 24 sling bullets
  3773 | D:5      | Entered Level 5 of the Dungeon
  3934 | D:5      | XOM: 3-stop teleportation journey
  3952 | D:5      | Reached skill level 8 in Maces & Flails
  3958 | D:5      | XOM: medium Tloc miscast
  3959 | D:5      | XOM: scenery: create altars
  3962 | D:5      | Slain by an ogre

Skill      XL: |  1  2  3  4  5  6  7  8 |
---------------+-------------------------+-----
Maces & Flails | 4 5 7 8 |  8.1
Armour         | 3 4 5 |  5.9
Fighting       | 4 5 6 |  6.5
Dodging        | |  0.7

Action                   |  1- 3 |  4- 6 |  7- 9 || total
-------------------------+-------+-------+-------++-------
Melee: Mace              |    97 |   207 |   130 ||   434
       Kick              |     5 |    35 |    33 ||    73
  Use: Scroll            |       |       |    13 ||    13
 Stab: Confused          |     1 |       |       ||     1
       Paralysed         |       |     1 |     1 ||     2
       Petrifying        |       |     1 |       ||     1
  Eat: Chunk             |       |     7 |     2 ||     9
Armor: Leather armour    |    57 |   100 |    40 ||   197
Dodge: Dodged            |    81 |   133 |    56 ||   270
